Stars vs Lightning

Created - 30 octobre 2025 at 23:26

Goals
1 2 3 T
Stars 1 0 0 1
Lightning 0 2 2 4
Shots
1 2 3 T
Stars 12 12 5 29
Lightning 7 12 10 29

GoalsPenalties
1st period
1. Stars , David Kampf 3 (Dennis Gilbert 2) at 16:54
Evander Kane (DAL) for Holding (Minor) at 11:38
Scott Laughton (TAM) for Holding (Minor) at 17:08
2nd period
2. Lightning , Scott Laughton 5 (Aliaksei Protas 6, Alex Ovechkin 12) at 5:17
3. Lightning , Taylor Hall 2 (Calle Jarnkrok 5, Urho Vaakanainen 4) at 10:56
David Kampf (DAL) for Tripping (Minor) at 16:40
3rd period
4. Lightning , Tyler Bertuzzi 3 (Vladislav Namestnikov 5) at 8:15
5. Lightning , Tyler Motte 4 (Tyler Bertuzzi 4, Colin Miller 1) at 15:12 (PP)
Andrew Peeke (DAL) for High sticking (Minor) at 10:18
Jon Merrill (DAL) for Interference (Minor) at 14:31
Goalie Stats
Philipp Grubauer (DAL), 25 saves from 29 shots - (0,862), L, 3-6-0, 60:00 minutes
Sam Montembeault (TAM), 28 saves from 29 shots - (0,966), W, 6-2-1, 60:00 minutes
3 StarsOfficial
1 - Sam Montembeault (TAM)
2 - Tyler Bertuzzi (TAM)
3 - Tyler Motte (TAM)
Referees : Andrew Bell and Gord Dwyer
Linesman : David Brisebois and Libor Suchanek
Game Note
No Game Note
Finance
Level 1 -- Attendance: 6000 (100%) -- Ticket Income $450,000
Level 2 -- Attendance: 5000 (100%) -- Ticket Income $235,000
Level 3 -- Attendance: 3758 (100%) -- Ticket Income $82,676
Level 4 -- Attendance: 3984 (100%) -- Ticket Income $59,760
Luxury Box -- Attendance: 947 (95%) -- Ticket Income $165,725
Game was played at the St Pete Times Forum.
Total Attendance: 19689 (100%)
Total Ticket Income: $993,161
Other Income: $297,948
Total Income: $1,291,109



Team Name Goals Shots Shots Attemp Shots Blocked PIM HIT PP PK FO%
Stars 1295198220 / 1 (0%)148%
Lightning 429599291 / 4 (25%)052%

Stars
Player Name POS G A P +/- PIM HIT SHT SB MP PP MP PP SHT PK MP PK SHT FO% FOT GA TA
Andrew PeekeD000-2211024:280:4702:3100% 011
Brandon SaadLW000-1021014:220:4800:0000% 000
Christian FischerC/RW0001021012:030:0000:4400% 200
David KampfC1011204014:050:0002:42063% 800
Dennis GilbertD0110030017:040:0000:5300% 011
Evander KaneLW0001222111:180:0000:0000% 001
Haydn FleuryD0000000014:230:0000:4400% 001
Jack RoslovicC/RW000-1034019:231:1110:14050% 200
Jakub LaukoC/LW/RW000-100208:260:0000:00033% 600
Jesperi KotkaniemiC/LW000-1003120:291:1101:19060% 3010
Joel ArmiaLW/RW000-1021017:570:4803:3500% 100
Jon MerrillD0000201022:321:1203:3700% 000
Justin HollD0000010017:230:4702:5700% 000
Miles WoodLW/RW000-1000010:250:0001:5400% 110
Pavel DorofeyevLW000-1017119:091:1100:0000% 000
Pierre-Olivier JosephD000-2040524:091:1202:3400% 000
Ryan PoehlingC000-1011115:420:4801:19033% 1200
Tyson JostC/LW/RW000-1001010:000:0001:2900% 000
Lightning
Player Name POS G A P +/- PIM HIT SHT SB MP PP MP PP SHT PK MP PK SHT FO% FOT GA TA
Alex OvechkinLW/RW0111008023:593:4021:10050% 610
Aliaksei ProtasC/LW/RW0111000019:493:4000:0000% 201
Ben JonesC000000003:000:0000:0000% 300
Calle JarnkrokC/LW/RW0110002115:430:0000:00071% 700
Colin MillerD0111011120:533:3700:5400% 000
David GustafssonC/LW/RW0000043017:020:0000:5700% 100
Erik KarlssonD0000002224:573:0101:0500% 001
Jordan OesterleD0001000110:050:0000:0000% 000
Luke SchennD0000010124:573:0101:0500% 001
Mike ReillyD000000004:050:0000:0000% 000
Scott LaughtonC/LW1011206023:103:4000:00052% 3120
Taylor HallLW1010002115:430:0000:0000% 000
Tyler BertuzziLW1121002020:152:5800:460100% 100
Tyler MotteC/LW/RW1011011020:122:5811:0500% 000
Tyson BarrieD0001000010:050:0000:0000% 000
Urho VaakanainenD0111000120:533:3700:5400% 011
Vladislav NamestnikovC/RW0111022119:072:5800:00064% 1100
Yan KuznetsovD000000004:050:0000:0000% 000

Stars

5 vs 5 Forward
Line #Left WingCenterRight WingPHYDFOFWanted %Time %Time Play
1Pavel DorofeyevJesperi KotkaniemiJack Roslovic1224035%18:03
2Brandon SaadRyan PoehlingJoel Armia1223026%13:35
3Evander KaneDavid KampfChristian Fischer1312022%11:19
4Tyson JostJakub LaukoMiles Wood1311016%8:26
5 vs 5 Defense
Line #DefenseDefensePHYDFOFWanted %Time %Time Play
1Andrew PeekePierre-Olivier Joseph1224240%20:48
2Jon MerrillDennis Gilbert1223231%16:11
3Justin HollHaydn Fleury1222127%13:39
4Andrew PeekeJon Merrill12251%0:45
Power Play Forward
Line #Left WingCenterRight WingPHYDFOFWanted %Time %Time Play
1Pavel DorofeyevJesperi KotkaniemiJack Roslovic0146060%1:11
2Brandon SaadRyan PoehlingJoel Armia0144040%0:48
Power Play Defense
Line #DefenseDefensePHYDFOFWanted %Time %Time Play
1Pierre-Olivier JosephJon Merrill0146061%1:12
2Andrew PeekeJustin Holl0144039%0:47
Penalty Kill 4 Players Forward
Line #CenterWingPHYDFOFWanted %Time %Time Play
1David KampfJoel Armia1406080%5:19
2Ryan PoehlingJesperi Kotkaniemi1404020%1:19
Penalty Kill 4 Players Defense
Line #DefenseDefensePHYDFOFWanted %Time %Time Play
1Andrew PeekeJon Merrill2306068%4:30
2Justin HollPierre-Olivier Joseph2304032%2:08
Penalty Kill 3 Players
Line #WingPHYDFOFWanted %Time %Time PlayDefenseDefensePHYDFOFWanted %Time %Time Play
1David Kampf140600%0:00 Andrew PeekeJon Merrill230600%0:00
2Ryan Poehling140400%0:00 Pierre-Olivier JosephJustin Holl230400%0:00
4 vs 4 Forward
Line #CenterWingPHYDFOFWanted %Time %Time Play
1Jack RoslovicBrandon Saad122600%0:00
2Ryan PoehlingJesperi Kotkaniemi122400%0:00
4 vs 4 Defense
Line #DefensePHYDFOFWanted %Time %Time Play
1Andrew PeekeJon Merrill122600%0:00
2Dennis GilbertPierre-Olivier Joseph122400%0:00
Last Minutes Offensive
Left WingCenterRight WingDefenseDefense
Brandon SaadJesperi KotkaniemiJack RoslovicAndrew PeekeJon Merrill
Last Minutes Defensive
Left WingCenterRight WingDefenseDefense
Joel ArmiaDavid KampfChristian FischerAndrew PeekeJon Merrill
Time
Total ForwardTotal DefenseLast Minutes OffensiveLast Minutes Defensive
60:00 60:00 0:000:00
Extra Forwards
Normal PowerPlayPenalty Kill
Jesperi Kotkaniemi, Pavel Dorofeyev, David KampfJesperi Kotkaniemi, Pavel DorofeyevMiles Wood
Extra Defensemen
Normal PowerPlayPenalty Kill
Andrew Peeke, Jon Merrill, Haydn FleuryAndrew Peeke, Andrew PeekeJustin Holl
Penalty Shots
Jack Roslovic, Jesperi Kotkaniemi, Pavel Dorofeyev, David Kampf, Ryan Poehling
Goalie
Philipp Grubauer, Matthew Murray
Scratches
Felix Unger Sörum (Healthy), John Klingberg (Healthy)

Lightning

5 vs 5 Forward
Line #Left WingCenterRight WingPHYDFOFWanted %Time %Time Play
1Alex OvechkinScott LaughtonAliaksei Protas1134032%16:31
2Tyler BertuzziVladislav NamestnikovTyler Motte1133031%16:09
3Taylor HallCalle JarnkrokDavid Gustafsson1222531%15:43
4Alex OvechkinBen JonesScott Laughton12256%3:00
5 vs 5 Defense
Line #DefenseDefensePHYDFOFWanted %Time %Time Play
1Erik KarlssonLuke Schenn1224041%20:51
2Colin MillerUrho Vaakanainen1223032%16:22
3Jordan OesterleTyson Barrie1222020%10:05
4Mike ReillyYan Kuznetsov122108%4:05
Power Play Forward
Line #Left WingCenterRight WingPHYDFOFWanted %Time %Time Play
1Alex OvechkinScott LaughtonAliaksei Protas1136055%3:40
2Tyler BertuzziVladislav NamestnikovTyler Motte1134045%2:58
Power Play Defense
Line #DefenseDefensePHYDFOFWanted %Time %Time Play
1Erik KarlssonLuke Schenn1226045%3:01
2Colin MillerUrho Vaakanainen1224055%3:37
Penalty Kill 4 Players Forward
Line #CenterWingPHYDFOFWanted %Time %Time Play
1Alex OvechkinScott Laughton12260100%1:59
2Aliaksei ProtasTyler Bertuzzi122400%0:00
Penalty Kill 4 Players Defense
Line #DefenseDefensePHYDFOFWanted %Time %Time Play
1Erik KarlssonLuke Schenn1226055%1:05
2Colin MillerUrho Vaakanainen1224045%0:54
Penalty Kill 3 Players
Line #WingPHYDFOFWanted %Time %Time PlayDefenseDefensePHYDFOFWanted %Time %Time Play
1Alex Ovechkin122600%0:00 Erik KarlssonLuke Schenn122600%0:00
2Scott Laughton122400%0:00 Colin MillerUrho Vaakanainen122400%0:00
4 vs 4 Forward
Line #CenterWingPHYDFOFWanted %Time %Time Play
1Alex OvechkinScott Laughton122600%0:00
2Aliaksei ProtasTyler Bertuzzi122400%0:00
4 vs 4 Defense
Line #DefensePHYDFOFWanted %Time %Time Play
1Erik KarlssonLuke Schenn122600%0:00
2Colin MillerUrho Vaakanainen122400%0:00
Last Minutes Offensive
Left WingCenterRight WingDefenseDefense
Alex OvechkinScott LaughtonAliaksei ProtasErik KarlssonLuke Schenn
Last Minutes Defensive
Left WingCenterRight WingDefenseDefense
Alex OvechkinScott LaughtonAliaksei ProtasErik KarlssonLuke Schenn
Time
Total ForwardTotal DefenseLast Minutes OffensiveLast Minutes Defensive
60:00 60:00 0:000:00
Extra Forwards
Normal PowerPlayPenalty Kill
Taylor Hall, Calle Jarnkrok, David GustafssonTaylor Hall, Calle JarnkrokDavid Gustafsson
Extra Defensemen
Normal PowerPlayPenalty Kill
Jordan Oesterle, Tyson Barrie, Mike ReillyJordan Oesterle, Tyson BarrieMike Reilly
Penalty Shots
Alex Ovechkin, Scott Laughton, Aliaksei Protas, Tyler Bertuzzi, Vladislav Namestnikov
Goalie
Sam Montembeault, Semyon Varlamov
Scratches
None


Play-by-Play

1st period


0:01 of 1st period - Scott Laughton wins face-off versus Jesperi Kotkaniemi in neutral zone.
0:04 of 1st period - Slapshot by Scott Laughton.
0:04 of 1st period - Stopped by Philipp Grubauer with a rebound.
0:06 of 1st period - Snap shot by Scott Laughton.
0:06 of 1st period - Shot Misses the Net.
0:10 of 1st period - Wrist shot by Alex Ovechkin.
0:10 of 1st period - Stopped by Philipp Grubauer without a rebound.
0:11 of 1st period - Ryan Poehling wins face-off versus Vladislav Namestnikov in Stars zone.
0:20 of 1st period - Snap shot by Brandon Saad.
0:20 of 1st period - Deflect By Joel Armia.
0:20 of 1st period - Shot Misses the Net.
0:20 of 1st period - Puck is out of play.
0:21 of 1st period - Vladislav Namestnikov wins face-off versus Ryan Poehling in Lightning zone.
0:28 of 1st period - Backhand shot by Joel Armia.
0:28 of 1st period - Stopped by Sam Montembeault without a rebound.
0:29 of 1st period - David Kampf wins face-off versus David Gustafsson in Lightning zone.
0:40 of 1st period - Snap shot by Evander Kane.
0:40 of 1st period - Shot Blocked by Jordan Oesterle.
0:42 of 1st period - Slapshot by David Kampf.
0:42 of 1st period - Stopped by Sam Montembeault with a rebound.
1:08 of 1st period - Wrist shot by Aliaksei Protas.
1:08 of 1st period - Shot Misses the Net.
1:30 of 1st period - Jakub Lauko is hit by Vladislav Namestnikov and loses puck.
1:54 of 1st period - Luke Schenn is hit by Pierre-Olivier Joseph and loses puck.
2:12 of 1st period - Snap shot by Scott Laughton.
2:12 of 1st period - Stopped by Philipp Grubauer without a rebound.
2:13 of 1st period - David Kampf wins face-off versus Scott Laughton in Stars zone.
3:30 of 1st period - Snap shot by Erik Karlsson.
3:30 of 1st period - Shot Misses the Net.
4:41 of 1st period - Aliaksei Protas is hit by Dennis Gilbert and loses puck.
4:56 of 1st period - Slapshot by David Kampf.
4:56 of 1st period - Stopped by Sam Montembeault with a rebound.
4:58 of 1st period - Slapshot by Jon Merrill.
4:58 of 1st period - Shot Misses the Net.
5:00 of 1st period - Wrist shot by Pavel Dorofeyev.
5:00 of 1st period - Shot Misses the Net.
5:02 of 1st period - Snap shot by Jack Roslovic.
5:02 of 1st period - Shot Misses the Net.
5:04 of 1st period - Snap shot by Pavel Dorofeyev.
5:04 of 1st period - Shot Blocked by Urho Vaakanainen.
5:06 of 1st period - Snap shot by Pavel Dorofeyev.
5:06 of 1st period - Stopped by Sam Montembeault without a rebound.
5:07 of 1st period - Vladislav Namestnikov wins face-off versus Ryan Poehling in Lightning zone.
5:07 of 1st period - Vladislav Namestnikov is hit by Joel Armia.
5:33 of 1st period - Luke Schenn is hit by Evander Kane and loses puck.
6:06 of 1st period - Snap shot by Jakub Lauko.
6:06 of 1st period - Stopped by Sam Montembeault with a rebound.
6:08 of 1st period - Wrist shot by Jakub Lauko.
6:08 of 1st period - Stopped by Sam Montembeault without a rebound.
6:09 of 1st period - Jesperi Kotkaniemi wins face-off versus Aliaksei Protas in Lightning zone.
6:24 of 1st period - Dennis Gilbert is hit by Colin Miller and loses puck.
6:41 of 1st period - Wrist shot by Jack Roslovic.
6:41 of 1st period - Stopped by Sam Montembeault with a rebound.
6:44 of 1st period - Icing by Taylor Hall.
6:45 of 1st period - Calle Jarnkrok wins face-off versus Joel Armia in Lightning zone.
6:52 of 1st period - Wrist shot by Taylor Hall.
6:52 of 1st period - Shot Misses the Net.
7:19 of 1st period - Off-side.
7:20 of 1st period - Jesperi Kotkaniemi wins face-off versus Aliaksei Protas in neutral zone.
7:47 of 1st period - David Kampf is hit by Tyler Motte.
7:57 of 1st period - Wrist shot by Tyler Bertuzzi.
7:57 of 1st period - Shot Misses the Net.
8:12 of 1st period - Erik Karlsson is hit by Pierre-Olivier Joseph and loses puck.
9:03 of 1st period - Pavel Dorofeyev is hit by David Gustafsson and loses puck.
10:01 of 1st period - Snap shot by Jack Roslovic.
10:01 of 1st period - Shot Blocked by Taylor Hall.
10:03 of 1st period - Wrist shot by Jack Roslovic.
10:03 of 1st period - Shot Misses the Net.
10:19 of 1st period - Wrist shot by Taylor Hall.
10:19 of 1st period - Stopped by Philipp Grubauer without a rebound.
10:20 of 1st period - David Kampf wins face-off versus Scott Laughton in Stars zone.
10:29 of 1st period - Snap shot by Evander Kane.
10:29 of 1st period - Stopped by Sam Montembeault without a rebound.
10:30 of 1st period - Jesperi Kotkaniemi wins face-off versus Scott Laughton in Lightning zone.
10:39 of 1st period - Snap shot by Aliaksei Protas.
10:39 of 1st period - Shot Blocked by Jesperi Kotkaniemi.
11:38 of 1st period - Minor Penalty to Evander Kane for Holding.
11:39 of 1st period - David Kampf wins face-off versus Scott Laughton in Stars zone.
11:48 of 1st period - Wrist shot by Scott Laughton.
11:48 of 1st period - Deflect By Alex Ovechkin.
11:48 of 1st period - Stopped by Philipp Grubauer with a rebound.
11:50 of 1st period - Slapshot by Alex Ovechkin.
11:50 of 1st period - Stopped by Philipp Grubauer without a rebound.
11:51 of 1st period - David Kampf wins face-off versus Scott Laughton in Stars zone.
13:38 of 1st period - Penalty to Evander Kane is over, Evander Kane is back on ice.
13:51 of 1st period - Luke Schenn is hit by Pavel Dorofeyev and loses puck.
14:58 of 1st period - Wrist shot by Miles Wood.
14:58 of 1st period - Shot Blocked by Colin Miller.
15:00 of 1st period - Backhand shot by Miles Wood.
15:00 of 1st period - Shot Misses the Net.
15:15 of 1st period - Icing by Taylor Hall.
15:16 of 1st period - Vladislav Namestnikov wins face-off versus Jesperi Kotkaniemi in Lightning zone.
15:16 of 1st period - Vladislav Namestnikov is hit by Jack Roslovic.
16:34 of 1st period - Snap shot by Christian Fischer.
16:34 of 1st period - Stopped by Sam Montembeault without a rebound.
16:35 of 1st period - Vladislav Namestnikov wins face-off versus David Kampf in Lightning zone.
16:54 of 1st period - Snap shot by David Kampf.
16:54 of 1st period - Goal by David Kampf - Stars : 1 - Lightning : 0.
16:55 of 1st period - Scott Laughton wins face-off versus Jesperi Kotkaniemi in neutral zone.
17:06 of 1st period - Snap shot by Pavel Dorofeyev.
17:06 of 1st period - Shot Misses the Net.
17:08 of 1st period - Minor Penalty to Scott Laughton for Holding.
17:09 of 1st period - Alex Ovechkin wins face-off versus Jesperi Kotkaniemi in Lightning zone.
17:20 of 1st period - Wrist shot by Jack Roslovic.
17:20 of 1st period - Stopped by Sam Montembeault with a rebound.
18:00 of 1st period - Off-side.
18:01 of 1st period - Ryan Poehling wins face-off versus Alex Ovechkin in neutral zone.
19:08 of 1st period - Penalty to Scott Laughton is over, Scott Laughton is back on ice.
19:29 of 1st period - Snap shot by Scott Laughton.
19:29 of 1st period - Stopped by Philipp Grubauer without a rebound.
19:30 of 1st period - Jakub Lauko wins face-off versus Scott Laughton in Stars zone.
19:45 of 1st period - Backhand shot by Tyson Jost.
19:45 of 1st period - Stopped by Sam Montembeault without a rebound.
19:46 of 1st period - Jesperi Kotkaniemi wins face-off versus Calle Jarnkrok in Lightning zone.
Goals for this period are 1 for Stars vs 0 for Lightning.
Shots for this period are 12 for Stars vs 7 for Lightning.

2nd period


0:01 of 2nd period - Scott Laughton wins face-off versus Jesperi Kotkaniemi in neutral zone.
0:06 of 2nd period - Wrist shot by Alex Ovechkin.
0:06 of 2nd period - Stopped by Philipp Grubauer with a rebound.
0:08 of 2nd period - Wrist shot by Erik Karlsson.
0:08 of 2nd period - Shot Misses the Net.
0:10 of 2nd period - Snap shot by Alex Ovechkin.
0:10 of 2nd period - Shot Blocked by Pierre-Olivier Joseph.
0:12 of 2nd period - Snap shot by Alex Ovechkin.
0:12 of 2nd period - Shot Blocked by Pierre-Olivier Joseph.
0:14 of 2nd period - Slapshot by Erik Karlsson.
0:14 of 2nd period - Shot Blocked by Pavel Dorofeyev.
0:16 of 2nd period - Slapshot by Erik Karlsson.
0:16 of 2nd period - Stopped by Philipp Grubauer without a rebound.
0:17 of 2nd period - Vladislav Namestnikov wins face-off versus Ryan Poehling in Stars zone.
0:38 of 2nd period - Vladislav Namestnikov is hit by Brandon Saad and loses puck.
0:51 of 2nd period - Backhand shot by Evander Kane.
0:51 of 2nd period - Stopped by Sam Montembeault without a rebound.
0:52 of 2nd period - Alex Ovechkin wins face-off versus Christian Fischer in Lightning zone.
1:05 of 2nd period - Slapshot by Scott Laughton.
1:05 of 2nd period - Stopped by Philipp Grubauer without a rebound.
1:06 of 2nd period - Jack Roslovic wins face-off versus Scott Laughton in Stars zone.
1:53 of 2nd period - Calle Jarnkrok is hit by Evander Kane and loses puck.
2:02 of 2nd period - Evander Kane is hit by Luke Schenn and loses puck.
2:48 of 2nd period - Off-side.
2:49 of 2nd period - Jesperi Kotkaniemi wins face-off versus Ben Jones in neutral zone.
2:52 of 2nd period - Backhand shot by Pavel Dorofeyev.
2:52 of 2nd period - Stopped by Sam Montembeault without a rebound.
2:53 of 2nd period - Jesperi Kotkaniemi wins face-off versus Ben Jones in Lightning zone.
3:52 of 2nd period - Snap shot by Taylor Hall.
3:52 of 2nd period - Shot Misses the Net.
3:54 of 2nd period - Snap shot by David Gustafsson.
3:54 of 2nd period - Stopped by Philipp Grubauer without a rebound.
3:55 of 2nd period - Jesperi Kotkaniemi wins face-off versus Scott Laughton in Stars zone.
4:04 of 2nd period - Backhand shot by Aliaksei Protas.
4:04 of 2nd period - Shot Misses the Net.
4:06 of 2nd period - Snap shot by Alex Ovechkin.
4:06 of 2nd period - Stopped by Philipp Grubauer without a rebound.
4:07 of 2nd period - Jesperi Kotkaniemi wins face-off versus Scott Laughton in Stars zone.
4:16 of 2nd period - Snap shot by Jesperi Kotkaniemi.
4:16 of 2nd period - Stopped by Sam Montembeault without a rebound.
4:17 of 2nd period - Scott Laughton wins face-off versus Jesperi Kotkaniemi in Lightning zone.
4:50 of 2nd period - Icing by Jack Roslovic.
4:51 of 2nd period - Vladislav Namestnikov wins face-off versus Jesperi Kotkaniemi in Stars zone.
5:00 of 2nd period - Tyler Motte is hit by Jack Roslovic and loses puck.
5:11 of 2nd period - Snap shot by Jesperi Kotkaniemi.
5:11 of 2nd period - Stopped by Sam Montembeault without a rebound.
5:12 of 2nd period - Scott Laughton wins face-off versus Ryan Poehling in Lightning zone.
5:17 of 2nd period - Wrist shot by Scott Laughton.
5:17 of 2nd period - Goal by Scott Laughton - Stars : 1 - Lightning : 1.
5:18 of 2nd period - Ryan Poehling wins face-off versus Alex Ovechkin in neutral zone.
5:31 of 2nd period - Wrist shot by Alex Ovechkin.
5:31 of 2nd period - Stopped by Philipp Grubauer with a rebound.
5:49 of 2nd period - Snap shot by Pavel Dorofeyev.
5:49 of 2nd period - Stopped by Sam Montembeault with a rebound.
5:51 of 2nd period - Wrist shot by Jack Roslovic.
5:51 of 2nd period - Stopped by Sam Montembeault with a rebound.
5:53 of 2nd period - Snap shot by Jack Roslovic.
5:53 of 2nd period - Stopped by Sam Montembeault with a rebound.
5:55 of 2nd period - Slapshot by Dennis Gilbert.
5:55 of 2nd period - Shot Blocked by Erik Karlsson.
5:57 of 2nd period - Wrist shot by Jon Merrill.
5:57 of 2nd period - Stopped by Sam Montembeault without a rebound.
5:58 of 2nd period - Alex Ovechkin wins face-off versus Christian Fischer in Lightning zone.
5:58 of 2nd period - Alex Ovechkin is hit by Christian Fischer.
6:06 of 2nd period - Wrist shot by David Kampf.
6:06 of 2nd period - Stopped by Sam Montembeault with a rebound.
6:08 of 2nd period - Snap shot by David Kampf.
6:08 of 2nd period - Shot Misses the Net.
6:10 of 2nd period - Wrist shot by Andrew Peeke.
6:10 of 2nd period - Stopped by Sam Montembeault without a rebound.
6:11 of 2nd period - Scott Laughton wins face-off versus Jesperi Kotkaniemi in Lightning zone.
6:48 of 2nd period - Snap shot by Brandon Saad.
6:48 of 2nd period - Deflect By Ryan Poehling.
6:48 of 2nd period - Stopped by Sam Montembeault with a rebound.
7:10 of 2nd period - Snap shot by Christian Fischer.
7:10 of 2nd period - Shot Hit the Post.
7:41 of 2nd period - Slapshot by Erik Karlsson.
7:41 of 2nd period - Stopped by Philipp Grubauer without a rebound.
7:42 of 2nd period - Jesperi Kotkaniemi wins face-off versus Vladislav Namestnikov in Stars zone.
9:01 of 2nd period - Slapshot by Jesperi Kotkaniemi.
9:01 of 2nd period - Shot Blocked by Vladislav Namestnikov.
9:03 of 2nd period - Snap shot by Jesperi Kotkaniemi.
9:03 of 2nd period - Stopped by Sam Montembeault without a rebound.
9:04 of 2nd period - Scott Laughton wins face-off versus Ryan Poehling in Lightning zone.
9:44 of 2nd period - Wrist shot by Calle Jarnkrok.
9:44 of 2nd period - Shot Blocked by Evander Kane.
10:20 of 2nd period - Icing by Brandon Saad.
10:21 of 2nd period - Calle Jarnkrok wins face-off versus Jakub Lauko in Stars zone.
10:24 of 2nd period - Snap shot by David Gustafsson.
10:24 of 2nd period - Stopped by Philipp Grubauer without a rebound.
10:25 of 2nd period - Calle Jarnkrok wins face-off versus Jakub Lauko in Stars zone.
10:28 of 2nd period - Snap shot by Calle Jarnkrok.
10:28 of 2nd period - Shot Misses the Net.
10:30 of 2nd period - Snap shot by Calle Jarnkrok.
10:30 of 2nd period - Shot Blocked by Pierre-Olivier Joseph.
10:32 of 2nd period - Slapshot by Urho Vaakanainen.
10:32 of 2nd period - Shot Misses the Net.
10:34 of 2nd period - Snap shot by Calle Jarnkrok.
10:34 of 2nd period - Shot Misses the Net.
10:36 of 2nd period - Slapshot by Urho Vaakanainen.
10:36 of 2nd period - Shot Misses the Net.
10:48 of 2nd period - Wrist shot by David Gustafsson.
10:48 of 2nd period - Shot Misses the Net.
10:50 of 2nd period - Slapshot by Urho Vaakanainen.
10:50 of 2nd period - Shot Blocked by Pierre-Olivier Joseph.
10:52 of 2nd period - Wrist shot by Calle Jarnkrok.
10:52 of 2nd period - Stopped by Philipp Grubauer with a rebound.
10:54 of 2nd period - Wrist shot by Taylor Hall.
10:54 of 2nd period - Shot Misses the Net.
10:56 of 2nd period - Wrist shot by Taylor Hall.
10:56 of 2nd period - Goal by Taylor Hall - Stars : 1 - Lightning : 2.
10:57 of 2nd period - Scott Laughton wins face-off versus Ryan Poehling in neutral zone.
11:31 of 2nd period - Tyler Motte is hit by Dennis Gilbert and loses puck.
11:59 of 2nd period - Slapshot by Miles Wood.
11:59 of 2nd period - Shot Misses the Net.
13:01 of 2nd period - Tyler Motte is hit by Jack Roslovic and loses puck.
13:14 of 2nd period - Jakub Lauko is hit by David Gustafsson and loses puck.
13:23 of 2nd period - Snap shot by Calle Jarnkrok.
13:23 of 2nd period - Shot Blocked by Pierre-Olivier Joseph.
14:51 of 2nd period - Off-side.
14:52 of 2nd period - Calle Jarnkrok wins face-off versus Jakub Lauko in neutral zone.
15:32 of 2nd period - Wrist shot by Alex Ovechkin.
15:32 of 2nd period - Stopped by Philipp Grubauer without a rebound.
15:33 of 2nd period - Jesperi Kotkaniemi wins face-off versus Scott Laughton in Stars zone.
16:40 of 2nd period - Minor Penalty to David Kampf for Tripping.
16:41 of 2nd period - Scott Laughton wins face-off versus Miles Wood in Stars zone.
17:08 of 2nd period - Colin Miller is hit by Andrew Peeke.
18:08 of 2nd period - Icing by Aliaksei Protas.
18:09 of 2nd period - Scott Laughton wins face-off versus Jack Roslovic in Lightning zone.
18:40 of 2nd period - Penalty to David Kampf is over, David Kampf is back on ice.
19:30 of 2nd period - Off-side.
19:31 of 2nd period - Ryan Poehling wins face-off versus Vladislav Namestnikov in neutral zone.
19:56 of 2nd period - Andrew Peeke is hit by David Gustafsson and loses puck.
Goals for this period are 0 for Stars vs 2 for Lightning.
Shots for this period are 12 for Stars vs 12 for Lightning.

3rd period


0:01 of 3rd period - Jesperi Kotkaniemi wins face-off versus Scott Laughton in neutral zone.
0:40 of 3rd period - Tyler Bertuzzi is hit by Dennis Gilbert and loses puck.
1:03 of 3rd period - Calle Jarnkrok is hit by Pierre-Olivier Joseph and loses puck.
1:59 of 3rd period - Slapshot by Colin Miller.
1:59 of 3rd period - Stopped by Philipp Grubauer with a rebound.
2:01 of 3rd period - Snap shot by Calle Jarnkrok.
2:01 of 3rd period - Shot Misses the Net.
2:03 of 3rd period - Slapshot by Urho Vaakanainen.
2:03 of 3rd period - Shot Blocked by Ryan Poehling.
2:05 of 3rd period - Backhand shot by Colin Miller.
2:05 of 3rd period - Shot Misses the Net.
2:15 of 3rd period - Snap shot by Alex Ovechkin.
2:15 of 3rd period - Stopped by Philipp Grubauer with a rebound.
2:17 of 3rd period - Slapshot by Ben Jones.
2:17 of 3rd period - Shot Misses the Net.
2:29 of 3rd period - Snap shot by Miles Wood.
2:29 of 3rd period - Shot Misses the Net.
2:47 of 3rd period - Slapshot by Jon Merrill.
2:47 of 3rd period - Shot Blocked by Erik Karlsson.
2:49 of 3rd period - Slapshot by Dennis Gilbert.
2:49 of 3rd period - Shot Hit the Post.
2:51 of 3rd period - Wrist shot by Pavel Dorofeyev.
2:51 of 3rd period - Stopped by Sam Montembeault with a rebound.
3:05 of 3rd period - Wrist shot by David Kampf.
3:05 of 3rd period - Shot Blocked by Luke Schenn.
3:25 of 3rd period - Aliaksei Protas is hit by Brandon Saad and loses puck.
3:35 of 3rd period - Icing by Alex Ovechkin.
3:36 of 3rd period - Jesperi Kotkaniemi wins face-off versus Scott Laughton in Lightning zone.
3:45 of 3rd period - Wrist shot by Pavel Dorofeyev.
3:45 of 3rd period - Stopped by Sam Montembeault without a rebound.
3:46 of 3rd period - Tyler Bertuzzi wins face-off versus Jesperi Kotkaniemi in Lightning zone.
3:53 of 3rd period - Snap shot by Vladislav Namestnikov.
3:53 of 3rd period - Stopped by Philipp Grubauer without a rebound.
3:54 of 3rd period - Vladislav Namestnikov wins face-off versus Jesperi Kotkaniemi in Stars zone.
3:59 of 3rd period - Snap shot by Vladislav Namestnikov.
3:59 of 3rd period - Stopped by Philipp Grubauer with a rebound.
4:11 of 3rd period - Wrist shot by Pavel Dorofeyev.
4:11 of 3rd period - Deflect By Tyson Barrie.
4:11 of 3rd period - Stopped by Sam Montembeault with a rebound.
4:25 of 3rd period - Wrist shot by Taylor Hall.
4:25 of 3rd period - Shot Misses the Net.
4:27 of 3rd period - Wrist shot by Calle Jarnkrok.
4:27 of 3rd period - Shot Misses the Net.
4:35 of 3rd period - Snap shot by Calle Jarnkrok.
4:35 of 3rd period - Stopped by Philipp Grubauer with a rebound.
5:31 of 3rd period - Off-side.
5:32 of 3rd period - Jesperi Kotkaniemi wins face-off versus Ben Jones in neutral zone.
5:57 of 3rd period - Tyler Bertuzzi is hit by Ryan Poehling and loses puck.
6:04 of 3rd period - Dennis Gilbert is hit by Vladislav Namestnikov and loses puck.
6:25 of 3rd period - Evander Kane is hit by David Gustafsson and loses puck.
6:36 of 3rd period - Slapshot by Jon Merrill.
6:36 of 3rd period - Deflect By Jesperi Kotkaniemi.
6:36 of 3rd period - Shot Misses the Net.
6:36 of 3rd period - Puck is out of play.
6:37 of 3rd period - Jesperi Kotkaniemi wins face-off versus Scott Laughton in Lightning zone.
6:44 of 3rd period - Wrist shot by Pavel Dorofeyev.
6:44 of 3rd period - Stopped by Sam Montembeault without a rebound.
6:45 of 3rd period - Scott Laughton wins face-off versus Jesperi Kotkaniemi in Lightning zone.
6:45 of 3rd period - Scott Laughton is hit by Justin Holl.
6:55 of 3rd period - Snap shot by Scott Laughton.
6:55 of 3rd period - Stopped by Philipp Grubauer with a rebound.
8:15 of 3rd period - Snap shot by Vladislav Namestnikov.
8:15 of 3rd period - Deflect By Tyler Bertuzzi.
8:15 of 3rd period - Goal by Tyler Bertuzzi - Stars : 1 - Lightning : 3.
8:16 of 3rd period - Jesperi Kotkaniemi wins face-off versus Alex Ovechkin in neutral zone.
9:09 of 3rd period - Wrist shot by Taylor Hall.
9:09 of 3rd period - Shot Misses the Net.
10:11 of 3rd period - Slapshot by Colin Miller.
10:11 of 3rd period - Shot Misses the Net.
10:13 of 3rd period - Wrist shot by David Gustafsson.
10:13 of 3rd period - Stopped by Philipp Grubauer without a rebound.
10:14 of 3rd period - Scott Laughton wins face-off versus Ryan Poehling in Stars zone.
10:18 of 3rd period - Minor Penalty to Andrew Peeke for High sticking.
10:19 of 3rd period - Scott Laughton wins face-off versus David Kampf in Stars zone.
12:18 of 3rd period - Penalty to Andrew Peeke is over, Andrew Peeke is back on ice.
12:32 of 3rd period - Icing by Luke Schenn.
12:33 of 3rd period - Jakub Lauko wins face-off versus Calle Jarnkrok in Lightning zone.
12:42 of 3rd period - Slapshot by Tyson Jost.
12:42 of 3rd period - Deflect By Miles Wood.
12:42 of 3rd period - Shot Blocked by Calle Jarnkrok.
12:42 of 3rd period - Puck is out of play.
12:43 of 3rd period - Scott Laughton wins face-off versus Jakub Lauko in Lightning zone.
13:34 of 3rd period - Wrist shot by Brandon Saad.
13:34 of 3rd period - Stopped by Sam Montembeault without a rebound.
13:35 of 3rd period - Calle Jarnkrok wins face-off versus Ryan Poehling in Lightning zone.
14:31 of 3rd period - Minor Penalty to Jon Merrill for Interference.
14:32 of 3rd period - Scott Laughton wins face-off versus David Kampf in Stars zone.
14:57 of 3rd period - Colin Miller is hit by Pierre-Olivier Joseph and loses puck.
15:12 of 3rd period - Wrist shot by Tyler Motte.
15:12 of 3rd period - Goal by Tyler Motte - Stars : 1 - Lightning : 4.
15:13 of 3rd period - Jesperi Kotkaniemi wins face-off versus Scott Laughton in neutral zone.
17:52 of 3rd period - Icing by Pavel Dorofeyev.
17:53 of 3rd period - Jesperi Kotkaniemi wins face-off versus Scott Laughton in Stars zone.
18:03 of 3rd period - Off-side.
18:04 of 3rd period - Jesperi Kotkaniemi wins face-off versus Vladislav Namestnikov in neutral zone.
18:38 of 3rd period - Aliaksei Protas is hit by Joel Armia and loses puck.
19:21 of 3rd period - Snap shot by Tyler Bertuzzi.
19:21 of 3rd period - Stopped by Philipp Grubauer without a rebound.
19:22 of 3rd period - Scott Laughton wins face-off versus Jesperi Kotkaniemi in Stars zone.
19:49 of 3rd period - Colin Miller is hit by Christian Fischer and loses puck.
Goals for this period are 0 for Stars vs 2 for Lightning.
Shots for this period are 5 for Stars vs 10 for Lightning.